 Dungeon Crawl Stone Soup version 0.30-a0-311-gf115ab0292 (webtiles) character file.

Game seed: 7847222802514194808

17 Engwar the Grasshopper (level 2, 0/25 HPs)
             Began as an Armataur Warper on Oct 25, 2022.
             Slain by a bat (1 damage)
             ... on level 1 of the Dungeon.
             The game lasted 00:01:30 (337 turns).

Engwar the Grasshopper (Armataur Warper)             Turns: 337, Time: 00:01:30

Health: 0/25       AC:  4    Str: 16    XL:     2   Next: 44%
Magic:  4/4        EV:  9    Int: 13    God:
Gold:   35         SH:  0    Dex:  9    Spells: 4/4 levels left

rFire   . . .      SeeInvis .    j - +1 dagger (venom)
rCold   . . .      Faith    .    (no shield)
rNeg    . . .      Spirit   .    b - +0 leather armour
rPois   .          Reflect  .    (no helmet)
rElec   .          Harm     .    (no cloak)
rCorr   .          Roll     +    (no gloves)
Will    .....                    (no barding)
Stlth   +.........               h - amulet of magic regeneration
HPRegen 0.24/turn                (no ring)
MPRegen 0.49/turn                (no ring)

@: flying
A: large, rugged brown scales 3, deformed body, armoured tail, roll, long
tongue, awkward tongue
a: no special abilities


You were on level 1 of the Dungeon.
You visited 1 branch of the dungeon, and saw 1 of its levels.

You collected 35 gold pieces.

Inventory:

Hand Weapons
 a - a +0 short sword
 j - a +1 dagger of venom (weapon)
Missiles
 d - 7 boomerangs of dispersal (quivered)
Armour
 b - a +0 leather armour (worn)
Jewellery
 h - an amulet of magic regeneration (around neck)
Scrolls
 c - a scroll of blinking
 e - 2 scrolls of identify {unknown}
 g - 2 scrolls of teleportation {unknown}
 i - 2 scrolls of vulnerability {unknown}
Potions
 f - a potion of flight


   Skills:
 + Level 2.0 Fighting
 + Level 2.1 Short Blades
 - Level 0.8 Throwing
 - Level 1.2 Armour
 - Level 1.3 Dodging
 * Level 1.8 Stealth
 - Level 1.7 Spellcasting
 - Level 3.0 Translocations


You had 4 spell levels left.
You didn't know any spells.
Your spell library contained the following spells:

 Spells                   Type           Power      Damage    Failure   Level
 Blink                    Tloc           16%        N/A       14%         2
 Lesser Beckoning         Tloc           16%        N/A       28%         3
 Teleport Other           Tloc           8%         N/A       28%         3
 Vhi's Electric Charge    Tloc/Air       10%        N/A       45%         3
 Manifold Assault         Tloc           8%         N/A       67%         4


Dungeon Overview and Level Annotations

Branches:
Dungeon (1/15)

Altars:


Innate Abilities, Weirdness & Mutations

You are completely covered in rugged brown scales. (AC +3, +7% HP)
Armour fits poorly on your strangely shaped body.
You have a long armoured tail.
You roll when moving toward enemies. (Rampage)
Your long tongue fully drains potion bottles. (2x potion effects)
Your tongue gives you trouble enunciating. (1.5x scroll delay)


Message History

You barely miss the goblin. You tail-slap the goblin.
The goblin is severely wounded.
You feel sick. The goblin closely misses you.
You hit the goblin but do no damage.
Your tail-slap misses the goblin.
The goblin is severely wounded.
You feel sick. The goblin hits you but does no damage.
You are more poisoned.
You closely miss the goblin. You tail-slap the goblin.
You kill the goblin!
You feel very sick.
You are too injured to fight recklessly!
You are too injured to fight recklessly!
You are too injured to fight recklessly!
You are too injured to fight recklessly!
You are too injured to fight recklessly!
You are too injured to fight recklessly!
Okay, then.
You feel sick.
i - 2 scrolls labelled LUX FIOKUOK (gained 1)
Things that are here:
a +1 dagger of venom; a +0 leather armour You feel sick.
You start resting.
* * * LOW HITPOINT WARNING * * *
You feel sick.
You start resting.
You feel sick. x6
You are no longer poisoned.
A bat comes into view.
j - a +1 dagger of venom Your +1 dagger of venom begins to drip with poison!
j - a +1 dagger of venom (weapon)
You roll towards the bat!
The bat hits you.
* * * LOW HITPOINT WARNING * * *
The bat hits you.
* * * LOW HITPOINT WARNING * * *
You slurp down every last drop of the 2 purple potions!
It was a potion of flight.
You feel very buoyant.
You fly up into the air.
The bat hits you.
You die...

#.....###..# .#).......#
.... ....#..#### #...##
#....^...# ##.....##
..#.#..#....# #.......#
###..#.####.## #..$....#
.###.#.###.?.###.......#
..##.#.#..............#
#..)..†##......b@.....##
####.....(#..#.#.......#
# ##......#...#.......#
# #....#..#...[......#
### ###...#..#..#.....##
..# #†..†#....##...##
#.# ##)#..#..## ####
#.######..#..#.#
#.....##...#....#


You could see a bat.

Vanquished Creatures
  2 giant cockroaches (D:1)
  3 goblins (D:1)
  2 quokkas (D:1)
  3 ball pythons (D:1)
  A bat (D:1)
  4 kobolds (D:1)
  A rat (D:1)
16 creatures vanquished.

Notes
Turn   | Place    | Note
-------+----------+-------------------------------------------
     0 | D:1      | Engwar the Armataur Warper began the quest for the Orb.
     0 | D:1      | Reached XP level 1. HP: 18/18 MP: 3/3
   141 | D:1      | Reached skill level 1 in Stealth
   233 | D:1      | Reached XP level 2. HP: 25/25 MP: 4/4
   336 | D:1      | HP: 1/25 [bat (1)]
   337 | D:1      | Slain by a bat

Illustrated notes

Levels and vault maps discovered:
D:1:      wander_arrival_desolate, layout_rooms, minmay_misc_feat_diagonals

Skill      XL: |  1 |
---------------+----+-----
Stealth        | 1 |  1.8
Fighting       | 2 |  2.0
Short Blades   | 2 |  2.1
Throwing       | |  0.8
Armour         | |  1.2
Dodging        | |  1.3
Spellcasting   | |  1.7
Translocations | |  3.0

Action                   || total
-------------------------++-------
Melee: Short sword       ||    74
       Tailslap          ||    11
  Use: Potion            ||     1
Armor: Leather armour    ||    30
Dodge: Dodged            ||    25

Table legend: (Time is in decaauts)
 A = Elapsed time spent in this place.
 B = Non-inter-level travel time spent in this place.
 C = Inter-level travel time spent in this place.
 D = Time resting spent in this place.
 E = Time spent auto-exploring this place.
 F = Levels seen in this place.
 G = Mean time per level.
                   A        B        C        D        E       F      G
               +--------+--------+--------+--------+--------+-----+--------+
         Total |    329 |    329 |      0 |      6 |    198 |   1 |  329.0 |
       Dungeon |    329 |    329 |      0 |      6 |    198 |   1 |  329.0 |
               +--------+--------+--------+--------+--------+-----+--------+

Top non-repeatable levels by time:
     D:1: 329 daAuts
